 Dungeon Crawl Stone Soup version 0.17.0-28-g6e173f8 (webtiles) character file.

255 HEYYEYAAE the Changer (level 5, -4/27 HPs)
             Began as a Spriggan Transmuter on Dec 4, 2015.
             Killed from afar by Robin (9 damage)
             ... with a wand of frost
             ... on level 3 of the Dungeon.
             The game lasted 00:05:35 (3203 turns).

HEYYEYAAE the Changer (Spriggan Transmuter)         Turns: 3203, Time: 00:05:36

Health: -4/27      AC:  2    Str:  7    XL:     5   Next: 91%
Magic:  6/11       EV: 24    Int: 14    God:
Gold:   118        SH:  0    Dex: 22    Spells: 3 memorised, 5 levels left

rFire  . . .     SeeInvis +       - Unarmed
rCold  . . .     Clarity  .     (armour currently unavailable)
rNeg   . . .     SustAt   .     (shield currently unavailable)
rPois  x         Gourm    .     (helmet currently unavailable)
rElec  .         Spirit   .     (cloak currently unavailable)
rCorr  .         Warding  .     (gloves unavailable)
rMut   .         Stasis   .     (boots unavailable)
MR     .....                    (no amulet)
Stlth  ++........               (no ring)
                                (no ring)

@: spider-form, not resistant to hostile enchantments, unstealthy
A: unfitting armour, see invisible, herbivore 3, (speed 0), slow metabolism 2
a: End Transformation


You were on level 3 of the Dungeon.
You were not hungry.
You were a venomous arachnid creature.
You visited 1 branch of the dungeon, and saw 3 of its levels.

You collected 118 gold pieces.

Inventory:

Missiles
 a - 20 arrows
 d - 10 arrows of frost
 n - 11 poisoned arrows
Armour
 b - a +0 robe (melded)
Scrolls
 e - a scroll of identify {unknown}
 f - a scroll of immolation {unknown}
 h - a scroll of remove curse
 k - a scroll of noise {unknown}
 m - a scroll of fog {unknown}
 p - a scroll of fear {unknown}
Potions
 g - a potion of brilliance {unknown}
 j - 3 potions of ambrosia {unknown}
 l - a potion of degeneration {unknown}
Books
 c - a book of Changes

   Spells                             Type                      Level
   a - Beastly Appendage              Transmutation                1
   b - Sticks to Snakes               Transmutation                2
   c - Spider Form                    Transmutation/Poison         3
   d - Ice Form                       Ice/Transmutation            4
   e - Blade Hands                    Transmutation                5


   Skills:
 * Level 2.4 Fighting
 + Level 4.4 Dodging
 + Level 3.1 Unarmed Combat
 + Level 3.6 Spellcasting
 * Level 4.9 Transmutations


You had 5 spell levels left.
You knew the following spells:

 Your Spells              Type           Power        Failure   Level  Hunger
a - Beastly Appendage     Trmt           ###...       10%         1    None
b - Sticks to Snakes      Trmt           ###.......   14%         2    ##.....
c - Spider Form           Trmt/Pois      #.........   45%         3    ###....


Dungeon Overview and Level Annotations

Branches:
Dungeon (3/15)

Altars:

Annotations:
D:3 Robin


Innate Abilities, Weirdness & Mutations

You are tiny and cannot use many weapons and most armour.
You have supernaturally acute eyesight.
You are a herbivore.
((You cover ground extremely quickly.))
You need consume almost no food.


Message History

You are too injured to fight recklessly!
You are too injured to fight recklessly!
You are too injured to fight recklessly!
You are too injured to fight recklessly!
You are too injured to fight recklessly!
You are too injured to fight recklessly!
You are too injured to fight recklessly!
You are too injured to fight recklessly!
You are too injured to fight recklessly!
You are too injured to fight recklessly!
You are too injured to fight recklessly!
You are too injured to fight recklessly!
You are too injured to fight recklessly!
Unknown command.
Casting: Spider Form
Confirm with . or Enter, or press ? or * to list all spells.
You turn into a venomous arachnid creature.
Your +0 robe melds into your body.
Robin zaps a wand.
The puff of frost hits you!
You die...

####### ## #......
##########...# #.#####
#(.))))sg....# #.#(...
#.########...# #.#.##. #.#
## #.#.#.. ########.###
#...... #...<......#
#...#.. #.######.#.#
#...#.. #.# #.#.# #.@....
#.# #.#.# ##...#. #.#
####.#.#######.#######..###


You could see Robin.

Vanquished Creatures
  Sigmund (D:3)
  2 adders
  A giant gecko (D:3)
  9 orcs (D:3)
  2 bats (D:1)
  2 giant cockroaches
  17 goblins
  9 hobgoblins
  11 kobolds
  A ball python (D:1)
  6 giant newts
  5 rats
66 creatures vanquished.

Vanquished Creatures (collateral kills)
  An adder (D:2)
1 creature vanquished.

Grand Total: 67 creatures vanquished

Notes
Turn   | Place    | Note
--------------------------------------------------------------
     0 | D:1      | HEYYEYAAE the Spriggan Transmuter began the quest for the Orb.
     0 | D:1      | Reached XP level 1. HP: 9/9 MP: 5/5
    33 | D:1      | Reached skill level 1 in Fighting
   573 | D:1      | Reached XP level 2. HP: 14/14 MP: 6/6
   999 | D:1      | Learned a level 2 spell: Sticks to Snakes
  1929 | D:2      | Reached XP level 3. HP: 12/18 MP: 0/8
  2099 | D:2      | Learned a level 3 spell: Spider Form
  2478 | D:3      | Noticed Sigmund
  2828 | D:3      | Killed Sigmund
  2828 | D:3      | Reached skill level 4 in Dodging
  2828 | D:3      | Reached XP level 4. HP: 14/23 MP: 5/10
  2828 | D:3      | Reached XP level 5. HP: 15/26 MP: 5/11
  3176 | D:3      | Noticed Robin
  3203 | D:3      | Killed from afar by Robin

Action                   |  1- 3 |  4- 6 || total
-------------------------+-------+-------++-------
Melee: Unarmed           |   155 |    92 ||   247
 Cast: Beastly Appendage |    23 |     4 ||    27
       Sticks to Snakes  |     9 |       ||     9
       Spider Form       |     3 |     3 ||     6
  Use: Scroll            |     3 |       ||     3
       Potion            |     3 |       ||     3
 Stab: Sleeping          |     1 |     2 ||     3
       Distracted        |     1 |       ||     1
  Eat: Bread ration      |       |     1 ||     1
